 Dungeon Crawl Stone Soup version 0.31.0-11-ge490571c62 (webtiles) character file.

Game seed: 6309153552288777538

127 qw the Skirmisher (level 4, 0/25 HPs)
             Began as a Deep Elf Hunter on Feb 4, 2024.
             Slain by an iguana (12 damage)
             ... on level 4 of the Dungeon.
             The game lasted 00:00:08 (1953 turns).

qw the Skirmisher (Deep Elf Hunter)                 Turns: 1953, Time: 00:00:09

Health: 0/25       AC:  8    Str: 16    XL:     4   Next: 85%
Magic:  6/6        EV: 12    Int: 14    God:
Gold:   215        SH:  0    Dex: 18    Spells: 3/3 levels left

rFire   . . .        a - +0 shortbow
rCold   + . .        (shield currently unavailable)
rNeg    + . .        m - +2 leather armour {rC+}
rPois   .            d - +2 helmet {SInv}
rElec   .            (no cloak)
rCorr   .            (no gloves)
SInv    +            (no boots)
Will    .....        k - amulet of regeneration
Stlth   ++           j - ring of positive energy
HPRegen 1.04/turn    b - +6 ring of strength
MPRegen 0.10/turn

%: no passive effects
@: no status effects
A: no striking features
a: no special abilities


You were on level 4 of the Dungeon.
You visited 2 branches of the dungeon, and saw 5 of its levels.

You collected 215 gold pieces.


   Skills:
 - Level 1.5 Fighting
 - Level 8.2 Ranged Weapons
 + Level 2.6 Dodging
 - Level 1.2 Stealth


You had 3 spell levels left.
You didn't know any spells.
Your spell library was empty.

Inventory:

Hand Weapons
 a - a +0 shortbow (weapon)
Armour
 d - a +2 helmet of see invisible (worn)
 m - a +2 leather armour of cold resistance (worn)
Jewellery
 b - a +6 ring of strength (right hand)
 j - a ring of positive energy (left hand)
 k - an amulet of regeneration (around neck)
Scrolls
 g - 2 scrolls of teleportation
Potions
 e - 3 potions of curing
 f - 3 potions of heal wounds
 n - a potion of brilliance {unknown}
 q - a potion of haste {unknown}
 r - a potion of mutation {unknown}

Dungeon Overview and Level Annotations

Branches:
Dungeon (4/15)             Temple (1/1) D:4

Altars:
Ashenzari
Cheibriados
Fedhas
Gozag
Hepliaklqana
Kikubaaqudgha
Makhleb
Sif Muna
Trog
Uskayaw
Wu Jian
Yredelemnul
The Shining One


Message History

You kill the orc!
You see here a book of Frost.
There is an open door here.
You now have 215 gold pieces (gained 13).
You open the door.
There is an open door here.
Found a trident.
An iguana comes into view.
You shoot an arrow.
The arrow hits the iguana but does no damage.
The iguana hisses angrily.
You shoot an arrow. The arrow hits the iguana.
The iguana is moderately wounded.
You shoot an arrow. The arrow closely misses the iguana.
You shoot an arrow.
The arrow hits the iguana but does no damage.
The iguana is moderately wounded.
You shoot an arrow. The arrow barely misses the iguana.
The iguana barely misses you.
You shoot an arrow. The arrow barely misses the iguana.
The iguana closely misses you. x2
You shoot an arrow. The arrow barely misses the iguana.
The iguana bites you.
You shoot an arrow. The arrow hits the iguana.
The iguana is heavily wounded.
The iguana closely misses you.
You shoot an arrow. The arrow hits the iguana.
The iguana is heavily wounded.
The iguana barely misses you.
You shoot an arrow. The arrow barely misses the iguana.
The iguana closely misses you.
You shoot an arrow. The arrow hits the iguana.
The iguana is heavily wounded.
The iguana bites you!
You shoot an arrow. The arrow barely misses the iguana.
The iguana bites you!
You shoot an arrow. The arrow hits the iguana.
The iguana is severely wounded.
The iguana bites you!
You die...

# ..# #...
#..########.#
#..l.#...... ..
#.#####@..# .#...
#........## .#...
.......#..## .....
......###..###...#
.####.
##.....###.....
#.#####.....)......
...........##.....
#..#####'####....#
#.......#.#..


You could see an iguana.

Vanquished Creatures
  An orc wizard (D:4)
  2 adders (D:2)
  2 dart slugs
  2 ribbon worms
  4 orcs
  9 ball pythons
  9 endoplasms
  2 giant cockroaches (D:2)
  5 goblins
  6 hobgoblins
  10 kobolds
  3 quokkas
  5 bats
  2 frilled lizards
  5 rats
67 creatures vanquished.

Notes
Turn   | Place    | Note
-------+----------+-------------------------------------------
     0 | D:1      | qw the Deep Elf Hunter began the quest for the Orb.
     0 | D:1      | Reached XP level 1. HP: 12/12 MP: 3/3
     0 | D:1      | 0 ||| qw: Version: 0.3-a-160-g6735b56
     0 | D:1      | 0 ||| qw: Game counter: 5539
     0 | D:1      | 0 ||| qw: Melee chars always use a shield: true
     0 | D:1      | 0 ||| qw: God list: Okawaru
     0 | D:1      | 0 ||| qw: Allow faded altars: false
     0 | D:1      | 0 ||| qw: Do Orc after clearing Dungeon:15 true
     0 | D:1      | 0 ||| qw: Do second Lair branch before Depths: true
     0 | D:1      | 0 ||| qw: Lair rune preference: random
     0 | D:1      | 0 ||| qw: Goals: Normal
     0 | D:1      | 0 ||| PLANNING D:1-11
    76 | D:1      | Reached XP level 2. HP: 16/16 MP: 4/4
   119 | D:1      | Reached skill level 6 in Ranged Weapons
   505 | D:1      | Reached XP level 3. HP: 15/20 MP: 5/5
   660 | D:1      | 660 ||| UPGRADING to amulet of regeneration.
   665 | D:1      | 665 ||| DROPPING ring of flight.
   666 | D:1      | 666 ||| UPGRADING to ring of positive energy.
   667 | D:1      | 667 ||| READING scroll labelled GOMOSU RY EBO.
   668 | D:1      | 668 ||| READING scroll labelled LUNLED CIEQEZ.
   668 | D:1      | 668 ||| IDENTIFYING white potion
   669 | D:1      | 669 ||| DRINKING 2 silvery potions.
   670 | D:1      | 670 ||| DROPPING scroll of butterflies.
   758 | D:2      | Reached skill level 7 in Ranged Weapons
  1024 | D:2      | Identified the +1 rapier of the Middle {drain, *Rage rPois
                  | rC+ SInv}
  1118 | D:2      | Reached XP level 4. HP: 25/25 MP: 6/6
  1374 | D:2      | 1374 ||| UPGRADING to +2 helmet of see invisible.
  1379 | D:2      | 1379 ||| UPGRADING to +2 leather armour of cold resistance.
  1389 | D:2      | 1389 ||| DROPPING +0 leather armour.
  1390 | D:2      | 1390 ||| UPGRADING to +6 ring of strength.
  1391 | D:2      | 1391 ||| READING scroll of identify.
  1391 | D:2      | 1391 ||| IDENTIFYING orange potion
  1392 | D:2      | 1392 ||| READING 2 scrolls labelled JOCUIWE HAAWUGH.
  1395 | D:2      | 1395 ||| READING scroll labelled GUPRAH OPOIBRE.
  1496 | D:2      | 1496 ||| READING scroll labelled IMEIRA MOMI.
  1497 | D:2      | 1497 ||| DROPPING potion of degeneration.
  1845 | D:3      | 1845 ||| READING scroll of identify.
  1845 | D:3      | 1845 ||| IDENTIFYING lumpy amethyst potion
  1846 | D:3      | 1846 ||| READING scroll labelled KIUMARPH TIFEPT.
  1847 | D:3      | 1847 ||| READING scroll labelled OFIADO MUIRUQ.
  1847 | D:3      | 1847 ||| ENCHANTING +0 shortbow.
  1848 | D:3      | 1848 ||| DROPPING potion of lignification.
  1864 | D:4      | Reached skill level 8 in Ranged Weapons
  1889 | D:4      | Found a staircase to the Ecumenical Temple.
  1890 | D:4      | 1890 ||| PLANNING TEMPLE
  1896 | Temple   | Entered the Ecumenical Temple
  1897 | Temple   | 1897 ||| PLANNING D:1-11
  1953 | D:4      | Slain by an iguana

Levels and vault maps discovered:
D:1:      heliophobic_arrival_enchanted_forest, layout_basic,
          minmay_misc_feat_more_columns
D:2:      layout_loops_ring, minmay_randomly_rotated_circles
D:3:      layout_rooms, kennysheep_generic_room_16
D:4:      layout_rooms, temple_green, st_stairs_7
Temple:   nicolae_temple_bog_church

Skill      XL: |  1  2  3  4 |
---------------+-------------+-----
Ranged Weapons | 6 7 8 |  8.2
Fighting       | |  1.5
Dodging        | |  2.6
Stealth        | |  1.2

Action                     |  1- 3 |  4- 6 || total
---------------------------+-------+-------++-------
   Fire: Shortbow          |   116 |    98 ||   214
    Use: Scroll            |     2 |     7 ||     9
         Potion            |     1 |       ||     1
 Armour: Leather armour    |    35 |    16 ||    51
  Dodge: Dodged            |    22 |    22 ||    44

Table legend:
 A = Non-vault XP
 B = Vault XP
 C = Vault XP percentage of total XP
 D = Non-vault monster count
 E = Vault monster count
 F = Vault count percentage of total count
                 A         B        C        D         E       F
            +---------+---------+-------+---------+---------+-------
      Total |     161 |      21 |  11.5 |      59 |       8 |  11.9
            +---------+---------+-------+---------+---------+-------
        D:1 |      52 |       0 |   0.0 |      31 |       0 |   0.0
        D:2 |      46 |      12 |  20.7 |      12 |       6 |  33.3
        D:3 |      23 |       9 |  28.1 |      12 |       2 |  14.3
        D:4 |      40 |       0 |   0.0 |       4 |       0 |   0.0
            +---------+---------+-------+---------+---------+-------
